 Dungeon Sprint DCSS version 0.29.1-14-g9c671dbff4 (webtiles) character file.

Game seed: 5946252354784596559

89961 Groucho the End of an Era (level 15, -23/120 HPs)
             Began as a Gargoyle Fighter on Feb 12, 2023.
             Was the Champion of Qazlal.
             Killed from afar by Frederick (42 damage)
             ... with a lance of force
             ... in the Dungeon (Sprint V: "Ziggurat Sprint") on Feb 13, 2023.
             The game lasted 00:18:05 (6173 turns).

Groucho the End of an Era (Gargoyle Fighter)        Turns: 6173, Time: 00:18:05

Health: -23/120    AC: 52    Str: 29    XL:     15   Next: 99%
Magic:  16/32      EV:  3    Int: 17    God:    Qazlal [******]
Gold:   0          SH: 49    Dex: 25    Spells: 14/14 levels left

rFire   . . .      SeeInvis +   k - +6 shillelagh "Devastator" {shatter}
rCold   + . .      Faith    .   c - +18 shield of the Gong {rElec rN+ Will+ EV-5}
rNeg    + + .      Spirit   .   b - +15 Maxwell's patent armour {-Cast -Tele rElec Will+ rCorr}
rPois   ∞          Reflect  +   M - +1 helmet {SInv}
rElec   +          Harm     .   (no cloak)
rCorr   +          Rampage  .   G - +1 pair of gloves {Stlth+}
Will    +++..      NoTele   +   (no boots)
Stlth   .......... NoCast   +   P - amulet of Zidueko {Reflect rPois Regen+ SH+5}
HPRegen 1.10/turn               Q - ring "Duidua Jide" {rElec Int+3 Dex+6}
MPRegen 0.23/turn               p - ring of Uluponli {Str+6 Int+5 Dex+6}

@: protected from cold, flying, studying 2 skills, repel missiles
A: sickness immunity, AC +11, big wings, negative energy resistance 1,
electricity resistance, torment resistance 1, petrification resistance
a: Renounce Religion, Upheaval, Elemental Force, Disaster Area


You were in the Dungeon.
You worshipped Qazlal.
Qazlal was exalted by your worship.
You visited 1 branch

Inventory:

Hand Weapons
 k - the +6 shillelagh "Devastator" (weapon) {shatter}
   (You found it in the Dungeon)

   It releases a powerful concussive burst when it strikes, dealing extra damage
   to the target and all other foes adjacent to them.
Armour
 a - +5 gold dragon scales
 b - the +15 Maxwell's patent armour (worn) {-Cast -Tele rElec Will+ rCorr}
   (You found it in the Dungeon)

   rElec:     It insulates you from electricity.
   -Cast:     It prevents spellcasting.
   -Tele:     It prevents most forms of teleportation.
   rCorr:     It protects you from acid and corrosion.
   Will:      It increases your willpower.
 c - the +18 shield of the Gong (worn) {rElec rN+ Will+ EV-5}
   (You found it in the Dungeon)

   It is deafeningly noisy when blocking attacks.
   EV:        It affects your evasion (-5).
   rElec:     It insulates you from electricity.
   rN:        It protects you from negative energy.
   Will:      It increases your willpower.
 G - a +1 pair of gloves of stealth (worn)
 M - a +1 helmet of see invisible (worn)
Jewellery
 l - a ring of flight
 m - a ring of wizardry
 n - a ring of wizardry
 o - a ring of positive energy
 p - the ring of Uluponli (right hand) {Str+6 Int+5 Dex+6}
   (You took it off a merfolk impaler in the Dungeon)

   [ring of strength]

   Str:       It affects your strength (+6).
   Int:       It affects your intelligence (+5).
   Dex:       It affects your dexterity (+6).
 q - the ring "Sutwes" {rF+ rN+ Will+ SInv}
   (You found it in the Dungeon)

   [ring of protection from fire]

   rF:        It protects you from fire.
   rN:        It protects you from negative energy.
   SInv:      It lets you see invisible.
   Will:      It increases your willpower.
 r - a ring of resist corrosion
 C - a +6 ring of dexterity
 E - a +6 ring of strength
 F - a ring of positive energy
 H - the amulet "Ongiukhla" {RegenMP Dex+4}
   (You found it in the Dungeon)

   [amulet of magic regeneration]

   It increases your rate of magic regeneration.
   Dex:       It affects your dexterity (+4).
 I - a ring of willpower
 J - a ring of positive energy
 K - a ring of wizardry
 L - a ring of magical power
 N - a +4 ring of slaying
 O - a ring of wizardry
 P - the amulet of Zidueko (around neck) {Reflect rPois Regen+ SH+5}
   (You found it in the Dungeon)

   [amulet of reflection]

   It reflects blocked missile attacks.
   rPois:     It protects you from poison.
   Regen:     It increases your rate of health regeneration.
   SH:        It affects your SH (+5).
 Q - the ring "Duidua Jide" (left hand) {rElec Int+3 Dex+6}
   (You found it in the Dungeon)

   [ring of dexterity]

   Int:       It affects your intelligence (+3).
   Dex:       It affects your dexterity (+6).
   rElec:     It insulates you from electricity.
 R - a +4 ring of protection
 S - a ring of willpower
Wands
 s - a wand of mindburst (6)
 t - a wand of light (7)
Scrolls
 j - 4 scrolls of blinking
 y - 4 scrolls of amnesia
 z - 7 scrolls of fog
 A - 5 scrolls of identify
 B - 2 scrolls of fear
 D - 4 scrolls of brand weapon
Potions
 d - 6 potions of might
 e - 10 potions of curing
 f - 4 potions of heal wounds
 g - 18 potions of haste
 h - 7 potions of magic
 i - 3 potions of berserk rage
 u - 2 potions of brilliance
 v - 2 potions of invisibility
 w - 4 potions of resistance
 x - a potion of experience


   Skills:
 + Level 23.5 Fighting
 - Level 14.0 Maces & Flails
 + Level 21.8 Armour
 + Level 21.8 Shields
 O Level 27 Invocations
 + Level 13.7 Evocations


You had 14 spell levels left.
You didn't know any spells.
Your spell library contained the following spells:

 Spells                   Type           Power      Damage    Failure   Level
 Freeze                   Ice            0%         1d3       75%         1
 Magic Dart               Conj           0%         1d3       75%         1
 Sandblast                Erth           0%         2d4       75%         1
 Shock                    Conj/Air       0%         1d3       75%         1
 Call Imp                 Summ           0%         N/A       86%         2
 Poisonous Vapours        Pois/Air       0%         N/A       86%         2
 Static Discharge         Conj/Air       0%         3-3/arc   86%         2
 Dazzling Flash           Conj/Hex       0%         N/A       98%         3
 Frozen Ramparts          Ice            0%         1d1       98%         3
 Inner Flame              Hex/Fire       0%         N/A       98%         3
 Mephitic Cloud           Conj/Pois/Air  0%         N/A       98%         3
 Ozocubu's Armour         Ice            0%         N/A       98%         3
 Spider Form              Tmut/Pois      0%         N/A       98%         3
 Summon Guardian Golem    Hex/Summ       0%         N/A       98%         3
 Swiftness                Air            0%         N/A       98%         3
 Tukima's Dance           Hex            0%         N/A       98%         3
 Vampiric Draining        Necr           0%         2d6       98%         3
 Anguish                  Hex/Necr       0%         N/A       100%        4
 Animate Dead             Necr           0%         N/A       100%        4
 Cause Fear               Hex            0%         N/A       100%        4
 Corpse Rot               Necr/Pois/Air  0%         N/A       100%        4
 Dispel Undead            Necr           0%         3d6       100%        4
 Hailstorm                Conj/Ice       0%         3d3       100%        4
 Ice Form                 Ice/Tmut       0%         N/A       100%        4
 Iskenderun's Mystic Bla  Conj/Tloc      0%         2d3       100%        4
 Passage of Golubria      Tloc           0%         N/A       100%        4
 Petrify                  Tmut/Erth      0%         N/A       100%        4
 Sticky Flame             Conj/Fire      0%         2d3       100%        4
 Agony                    Necr           0%         N/A       100%        5
 Alistair's Intoxication  Tmut/Pois      0%         N/A       100%        5
 Borgnjor's Vile Clutch   Necr/Erth      0%         N/A       100%        5
 Fireball                 Conj/Fire      0%         3d3       100%        5
 Freezing Cloud           Conj/Ice/Air   0%         6-21      100%        5
 Irradiate                Conj/Tmut      0%         3d11      100%        5
 Lightning Bolt           Conj/Air       0%         1d11      100%        5
 Metabolic Englaciation   Hex/Ice        0%         N/A       100%        5
 Silence                  Hex/Air        0%         N/A       100%        5
 Summon Forest            Summ/Tloc      0%         N/A       100%        5
 Summon Mana Viper        Hex/Summ       0%         N/A       100%        5
 Yara's Violent Unravell  Hex/Tmut       0%         3d3       100%        5
 Death Channel            Necr           0%         N/A       100%        6
 Eringya's Noxious Bog    Tmut/Pois      0%         N/A       100%        6
 Simulacrum               Ice/Necr       0%         N/A       100%        6
 Starburst                Conj/Fire      0%         6d3       100%        6
 Summon Cactus Giant      Summ           0%         N/A       100%        6
 Haunt                    Necr/Summ      0%         N/A       100%        7
 Orb of Destruction       Conj           0%         9d5       100%        7
 Spellforged Servitor     Conj/Summ      0%         N/A       100%        7
 Storm Form               Tmut/Air       0%         N/A       100%        7
 Summon Hydra             Summ           0%         N/A       100%        7
 Borgnjor's Revivificati  Necr           0%         N/A       100%        8
 Discord                  Hex            0%         N/A       100%        8
 Ignition                 Fire           0%         3d3       100%        8
 Infestation              Necr           0%         N/A       100%        8
 Lehudib's Crystal Spear  Conj/Erth      0%         10d2      100%        8
 Maxwell's Capacitive Co  Air            0%         ∞         100%        8
 Necromutation            Tmut/Necr      0%         N/A       100%        8
 Chain Lightning          Conj/Air       0%         N/A       100%        9
 Death's Door             Necr           0%         N/A       100%        9
 Sublimation of Blood     Necr           Unusable   N/A       N/A         2
 Statue Form              Tmut/Erth      Unusable   N/A       N/A         6

Dungeon Overview and Level Annotations

Branches:
Dungeon (1/1)

Altars:
Ashenzari
Cheibriados
Dithmenos
Elyvilon
Fedhas
Gozag
Hepliaklqana
Kikubaaqudgha
Makhleb
Nemelex Xobeh
Okawaru
Qazlal
Ru
Sif Muna
Trog
Uskayaw
Vehumet
Wu Jian
Xom
Yredelemnul
Zin
The Shining One
Jiyva
Lugonu

Annotations:
D Antaeus, Cerebov, Dispater, Dissolution, Frederick, Lom Lobon, Mnoleg, Nellie, Nikola, Tiamat


Innate Abilities, Weirdness & Mutations

You are immune to sickness and miasma.
Your stone body is resilient. (AC +11)
You are immune to poison.
Your large and strong wings let you fly.
You resist negative energy. (rN+)
You are resistant to electric shocks. (rElec)
You are resistant to unholy torment.
You are immune to petrification.


Message History

Antaeus is moderately wounded.
The cutting wind hits Nikola!!!
Nikola is severely wounded.
The cutting wind hits Louise!!!
You kill Louise!
Qazlal accepts your kill.
The blast of ice hits the 27-headed Lernaean hydra!!!
You kill the 27-headed Lernaean hydra!
Qazlal accepts your kill.
The blast of ice hits Nellie!
Nellie partially resists.
Nellie is severely wounded.
The blast of ice hits Cerebov!!
Cerebov partially resists.
Cerebov is lightly wounded.
Cerebov is flash-frozen.
The blast of magma engulfs Nellie!!
Nellie partially resists.
Nellie is almost dead.
The blast of magma engulfs Cerebov!!
Cerebov partially resists.
Cerebov is lightly wounded.
The blast of magma engulfs Rupert!!!
Rupert partially resists.
You kill Rupert!
Qazlal accepts your kill.
The blast of magma engulfs Saint Roka!!!
You kill Saint Roka!
Qazlal accepts your kill.
The blast of magma engulfs Tiamat!!
Tiamat is moderately wounded.
The blast of magma engulfs Antaeus!!
Antaeus is burned terribly!
Antaeus is moderately wounded.
The blast of magma engulfs Nikola!!
Nikola is almost dead.
Nikola gestures wildly while chanting.
Nikola blinks!
Cerebov shouts, "Embrace thy failure, thou tasty breakfast!"
Donald is struck by lightning.
You kill Donald!
Qazlal accepts your kill.
Dispater gestures.
Frederick points at you and mumbles some strange words.
The lance of force hits you!!!
You die...

▓......8
..|)J))§§§§§§§.
▓..|}...
§§.)§§.≈&.§§§..
▓...)".|
..≈§≈1≈(.§§§&..
▓.......
..≈.≈Y&..§§§d§.
▓.......
.≈.≈§§@&§C§§...
▓.......
.§§§≈§§§@§§§.≈≈
▓.......
...w...☼.☼.....
▓.......
..*...○@≈○≈.≈≈.
▓.......
§.....§≈.≈.≈≈.≈
▓.......
§.▓....≈≈§≈.▓..
▓...▓...
▓▓.....§§▓▓
..▓▓▓..
..▓...≈≈≈≈§≈▓..
...▓...
......≈≈.§§≈...
..≈....
......≈©..≈.≈..
.....≈≈
▓▓▓▓▓▓▓▓▓▓▓▓▓▓▓
▓▓▓▓▓▓▓▓
▓......8


You could see Antaeus (fast), Cerebov (resistant, frozen), Dispater (agile), Lom
Lobon (resistant, frozen), Tiamat (strong, frozen, catching breath), Mnoleg
(frozen), Nellie (resistant, frozen, catching breath), Nikola (fast, frozen),
Dissolution (resistant, frozen), Frederick (resistant), a Hell Sentinel
(summoned) and an eldritch tentacle.

Vanquished Creatures
  the Lernaean hydra (D)
  Saint Roka (D)
  A golden dragon (D)
  Rupert (D)
  3 quicksilver dragons (D)
  3 deep elf master archers (D)
  2 tentacled starspawn (D)
  3 acid blobs (D)
  Chuck (D)
  Agnes (D)
  Donald (D)
  3 rockslimes (D)
  2 azure jellies (D)
  3 iron dragons (D)
  Louise (D)
  A frost giant (D)
  Aizul (D)
  A ghoul (D)
  3 stone giants (D)
  A quicksilver ooze (D)
  A green draconian (D)
  A purple draconian (D)
  A deep elf annihilator (D)
  Azrael (D)
  A merfolk javelineer (D)
  5 merfolk impalers (D)
  5 crystal guardians (D)
  2 great orbs of eyes (D)
  A deep elf high priest (D)
  4 fire dragons (D)
  5 iron golems (D)
  2 hydras (D)
  4 ice dragons (D)
  4 dancing weapons (D)
  A merfolk avatar (D)
  3 two-headed ogres (D)
  4 merfolk aquamancers (D)
  4 deep elf knights (D)
  3 large abominations (D)
  A wretched star (D)
  A thrashing horror (D)
  5 soul eaters (D)
  4 death drakes (D)
  A glowing orange brain (D)
  A swamp dragon (D)
  3 sea snakes (D)
  3 deep elf archers (D)
  7 deep elf zephyrmancers (D)
  5 deep elf pyromancers (D)
  Pikel (D)
  2 cyclopes (D)
  2 shining eyes (D)
  2 eyes of devastation (D)
  A gargoyle (D)
  An orange demon (D)
  A merfolk siren (D)
  2 rime drakes (D)
  A hellwing (D)
  6 guardian mummies (D)
  A wind drake (D)
  2 ancient zymes (D)
  3 merfolk (D)
  2 trolls (D)
  A hornet (D)
  2 polar bears (D)
  14 slime creatures (D)
  A snapping turtle (D)
  A flying skull (D)
  5 starcursed masses (D)
  2 wyverns (D)
  3 water elementals (D)
  3 spriggans (D)
  6 air elementals (D)
  An ushabti (D)
  A fire bat (D)
  A small abomination (D)
  Eustachio (D)
  2 golden eyes (D)
  A chaos spawn (D)
  2 neqoxecs (D)
  2 steam dragons (D)
  2 acid dragons (D)
  Duvessa (D)
  2 black bears (D)
  3 wolves (D)
  3 centaurs (D)
  3 phantoms (D)
  An earth elemental (D)
  4 wights (D)
  Dowan (D)
  2 crimson imps (D)
  5 jellies (D)
  A quasit (D)
  4 iron imps (D)
  Ijyb (D)
  Terence (D)
  3 mummies (D)
  An adder (D)
  4 shadow imps (D)
  6 ufetubi (D)
  3 adder skeletons (D)
  An adder simulacrum (D)
  A spectral bat (D)
  A ball python (D)
  A bat skeleton (D)
  2 bat zombies (D)
  2 endoplasms (D)
  A ball python simulacrum (D)
  3 ball python zombies (D)
  A bat simulacrum (D)
  A quokka skeleton (D)
  A quokka zombie (D)
  A spectral ball python (D)
  A spectral giant cockroach (D)
  2 starspawn tentacles (D)
263 creatures vanquished.

Vanquished Creatures (others)
  A shadow dragon (D)
1 creature vanquished.

Grand Total: 264 creatures vanquished

Notes
Turn   | Place    | Note
-------+----------+-------------------------------------------
     0 | D        | Groucho the Gargoyle Fighter began the quest for the Orb.
     0 | D        | Reached XP level 1. HP: 14/14 MP: 1/1
    17 | D        | Found a blossoming altar of Fedhas.
    17 | D        | Found the +6 Majin-Bo {vamp, MP+6 Int+6}
    17 | D        | Found the +9 heavy crossbow "Sniper" {vorpal, Acc+∞ SInv}
    17 | D        | Found the +10 dark maul {vorpal}
    17 | D        | Found the +15 Maxwell's patent armour {-Cast -Tele rElec
                  | Will+ rCorr}
    17 | D        | Found the +18 shield of the Gong {rElec rN+ Will+ EV-5}
    17 | D        | Found the +14 obsidian axe {vorpal, Mesm Drain Fly SInv}
    17 | D        | Found the +7 great mace "Firestarter" {inner flame, rF++}
    17 | D        | Found the +6 shillelagh "Devastator" {shatter}
    17 | D        | Found the +11 plutonium sword {Contam Stlth-}
    17 | D        | Found the +8 lance "Wyrmbane" {slay drac, rPois rF+ rC+
                  | AC+3}
    17 | D        | Found the +9 sword of Zonguldrok {reap}
    17 | D        | Found the +13 scythe of Curses {drain, Drain}
    17 | D        | Found the +5 sword of Power {vorpal}
    17 | D        | Found the +7 mace of Variability {chain chaos}
    17 | D        | Found the +7 Singing Sword {vorpal, sonic wave}
    17 | D        | Found the +8 storm bow {elec, penet}
    18 | D        | Found a viscous altar of Jiyva.
    18 | D        | Found a transporter.
    18 | D        | Found a hazy altar of Hepliaklqana.
    18 | D        | Found an ancient bone altar of Kikubaaqudgha.
    18 | D        | Found an opulent altar of Gozag.
    18 | D        | Found a corrupted altar of Lugonu.
    23 | D        | Found a burning altar of Makhleb.
    24 | D        | Found an iron altar of Okawaru.
    24 | D        | Found a stormy altar of Qazlal.
    24 | D        | Found a sparkling altar of Nemelex Xobeh.
    24 | D        | Found a sacrificial altar of Ru.
    24 | D        | Found a shimmering blue altar of Sif Muna.
    36 | D        | Found a bloodstained altar of Trog.
    70 | D        | Became a worshipper of Qazlal Stormbringer
    86 | D        | Entered arena 2.
    86 | D        | Found a transporter.
    91 | D        | Reached skill level 1 in Invocations
    92 | D        | Reached skill level 2 in Invocations
    92 | D        | Reached XP level 2. HP: 20/20 MP: 1/3
   422 | D        | Entered arena 3.
   422 | D        | Found a transporter.
   427 | D        | Reached * piety under Qazlal
   428 | D        | Reached skill level 4 in Invocations
   428 | D        | Reached XP level 3. HP: 23/24 MP: 3/6
   428 | D        | Reached XP level 4. HP: 28/30 MP: 3/7
   735 | D        | Entered arena 4.
   735 | D        | Noticed a polar bear
   735 | D        | Noticed a polar bear
   735 | D        | Found a transporter.
   738 | D        | Reached ** piety under Qazlal
   743 | D        | Killed a polar bear
   744 | D        | Reached skill level 5 in Maces & Flails
   744 | D        | Reached skill level 7 in Invocations
   744 | D        | Reached XP level 5. HP: 25/37 MP: 7/10
   744 | D        | Reached XP level 6. HP: 28/42 MP: 7/11
   744 | D        | Killed a polar bear
   745 | D        | Reached skill level 9 in Invocations
   745 | D        | Reached XP level 7. HP: 32/48 MP: 7/14
  1012 | D        | Got the ring "Inisatim" {Fire rPois Int+4 Slay-3}
  1019 | D        | Entered arena 5.
  1019 | D        | Found a transporter.
  1022 | D        | Reached *** piety under Qazlal
  1034 | D        | Got the Tome of Unholy Contamination
  1248 | D        | Entered arena 6.
  1248 | D        | Noticed an air elemental
  1248 | D        | Noticed an air elemental
  1248 | D        | Noticed an air elemental
  1248 | D        | Noticed an air elemental
  1248 | D        | Noticed an air elemental
  1248 | D        | Found a transporter.
  1248 | D        | Paralysed by an air elemental for 1 turns
  1250 | D        | Killed an air elemental
  1250 | D        | Killed an air elemental
  1250 | D        | Reached **** piety under Qazlal
  1250 | D        | Killed an air elemental
  1251 | D        | Reached skill level 11 in Invocations
  1251 | D        | Reached XP level 8. HP: 45/55 MP: 8/16
  1253 | D        | Paralysed by an air elemental for 1 turns
  1255 | D        | Killed an air elemental
  1256 | D        | Paralysed by an air elemental for 1 turns
  1257 | D        | Killed an air elemental
  1726 | D        | Got the Treatise on the Floating Mausoleum
  1739 | D        | Entered arena 7.
  1739 | D        | Noticed a merfolk
  1739 | D        | Noticed a merfolk
  1739 | D        | Noticed a wind drake
  1741 | D        | Killed a merfolk
  1741 | D        | Reached ***** piety under Qazlal
  1742 | D        | Reached skill level 12 in Invocations
  1742 | D        | Reached XP level 9. HP: 55/61 MP: 10/18
  1742 | D        | Killed a merfolk
  1743 | D        | Killed a wind drake
  1744 | D        | Reached skill level 10 in Armour
  1744 | D        | Reached skill level 13 in Invocations
  1744 | D        | Found a transporter.
  2051 | D        | Entered arena 8.
  2051 | D        | Noticed a soul eater
  2051 | D        | Noticed an orange demon
  2056 | D        | Killed an orange demon
  2057 | D        | Reached skill level 10 in Fighting
  2057 | D        | Reached skill level 10 in Shields
  2057 | D        | Killed a soul eater
  2058 | D        | Reached skill level 14 in Invocations
  2063 | D        | Found a transporter.
  2134 | D        | Got the amulet "Ongiukhla" {RegenMP Dex+4}
  2140 | D        | Entered arena 9.
  2146 | D        | Reached XP level 10. HP: 68/68 MP: 10/20
  2146 | D        | Found a transporter.
  2301 | D        | Entered arena 10.
  2301 | D        | Noticed a spriggan rider
  2302 | D        | Reached ****** piety under Qazlal
  2303 | D        | Reached skill level 10 in Maces & Flails
  2306 | D        | Reached skill level 15 in Invocations
  2479 | D        | Found a transporter.
  2507 | D        | Entered arena 11.
  2507 | D        | Found the +4 Cigotuvi's embrace {rMiasma Drain rN+}
  2507 | D        | Noticed a deep elf zephyrmancer
  2507 | D        | Noticed a deep elf zephyrmancer
  2507 | D        | Noticed a +5 long sword of freezing
  2507 | D        | Noticed a deep elf zephyrmancer
  2507 | D        | Noticed a deep elf archer
  2507 | D        | Noticed a +1 vorpal glaive
  2507 | D        | Noticed a deep elf pyromancer
  2508 | D        | Killed a deep elf zephyrmancer
  2508 | D        | Killed a +5 long sword of freezing
  2508 | D        | Killed a deep elf pyromancer
  2508 | D        | Killed a +1 vorpal glaive
  2509 | D        | Reached skill level 16 in Invocations
  2509 | D        | Reached XP level 11. HP: 76/76 MP: 13/23
  2509 | D        | Killed a deep elf archer
  2510 | D        | Killed a deep elf zephyrmancer
  2512 | D        | Killed a deep elf zephyrmancer
  2949 | D        | Found a transporter.
  2961 | D        | Got the Precepts of the Beginning
  3140 | D        | Entered arena 12.
  3140 | D        | Noticed a two-headed ogre
  3140 | D        | Noticed a stone giant
  3140 | D        | Noticed a cyclops
  3140 | D        | Noticed a stone giant
  3140 | D        | Noticed a cyclops
  3140 | D        | Noticed a two-headed ogre
  3140 | D        | Noticed a two-headed ogre
  3141 | D        | Noticed a frost giant
  3142 | D        | Killed a two-headed ogre
  3142 | D        | Killed a stone giant
  3143 | D        | Reached skill level 17 in Invocations
  3143 | D        | Killed a stone giant
  3143 | D        | Killed a two-headed ogre
  3144 | D        | Reached skill level 18 in Invocations
  3144 | D        | Killed a two-headed ogre
  3145 | D        | Killed a frost giant
  3146 | D        | Killed a cyclops
  3149 | D        | Reached XP level 12. HP: 36/84 MP: 3/25
  3350 | D        | Found a transporter.
  3694 | D        | Entered arena 13.
  3694 | D        | Noticed a large abomination
  3694 | D        | Noticed a green draconian
  3695 | D        | Noticed a starcursed mass
  3697 | D        | Killed a large abomination
  3700 | D        | Killed a green draconian
  3701 | D        | Reached skill level 19 in Invocations
  3915 | D        | Found a transporter.
  3921 | D        | Got Doqiot's Secrets of Unholy Mysteries and Conflict
  3931 | D        | Got the ring "Tairey" {Drain Will+ Str+2 Int+6 SInv}
  3940 | D        | Entered arena 14.
  3940 | D        | Noticed a rockslime
  3941 | D        | Noticed an acid blob
  3941 | D        | Found the +1 robe of Vines {NoPotionHeal Regen++++}
  3945 | D        | Killed an acid blob
  3951 | D        | Killed a rockslime
  3952 | D        | Reached skill level 15 in Fighting
  3952 | D        | Reached skill level 20 in Invocations
  4045 | D        | Found a transporter.
  4074 | D        | Entered arena 15.
  4080 | D        | Reached skill level 15 in Armour
  4080 | D        | Reached skill level 15 in Shields
  4177 | D        | Found a transporter.
  4203 | D        | Got Geraasut's Beginning Course on Theurgy
  4212 | D        | Entered arena 16.
  4212 | D        | Noticed a ghoul
  4212 | D        | Noticed a soul eater
  4212 | D        | Noticed a soul eater
  4213 | D        | Noticed a soul eater
  4213 | D        | Noticed a soul eater
  4217 | D        | Killed a soul eater
  4217 | D        | Killed a soul eater
  4217 | D        | Killed a soul eater
  4217 | D        | Killed a soul eater
  4218 | D        | Reached skill level 21 in Invocations
  4218 | D        | Reached XP level 13. HP: 93/93 MP: 18/27
  4221 | D        | Killed a ghoul
  4542 | D        | Found a transporter.
  4553 | D        | Got the amulet of Zidueko {Reflect rPois Regen+ SH+5}
  4595 | D        | Entered arena 17.
  4597 | D        | Noticed a crystal guardian
  4597 | D        | Noticed a crystal guardian
  4597 | D        | Noticed an iron golem
  4597 | D        | Noticed an iron golem
  4597 | D        | Noticed a stone giant
  4597 | D        | Noticed an iron golem
  4597 | D        | Noticed an iron dragon
  4597 | D        | Noticed a quicksilver dragon
  4598 | D        | Noticed a crystal guardian
  4598 | D        | Noticed an iron golem
  4598 | D        | Noticed a crystal guardian
  4598 | D        | Noticed an iron golem
  4598 | D        | Noticed a crystal guardian
  4599 | D        | Killed a crystal guardian
  4599 | D        | Killed a stone giant
  4599 | D        | Killed a quicksilver dragon
  4599 | D        | Killed a crystal guardian
  4599 | D        | Killed a crystal guardian
  4600 | D        | Killed a crystal guardian
  4600 | D        | Killed a crystal guardian
  4601 | D        | Reached skill level 22 in Invocations
  4603 | D        | Killed an iron dragon
  4615 | D        | Killed an iron golem
  4627 | D        | Killed an iron golem
  4627 | D        | Killed an iron golem
  4640 | D        | Killed an iron golem
  4641 | D        | Reached skill level 5 in Evocations
  4646 | D        | Killed an iron golem
  4825 | D        | Found a transporter.
  4838 | D        | Got the ring "Ulol" {AC+4 Int+4}
  4855 | D        | Entered arena 18.
  4857 | D        | Noticed a merfolk impaler
  4857 | D        | Noticed a merfolk impaler
  4857 | D        | Noticed a merfolk impaler
  4858 | D        | Noticed a merfolk javelineer
  4858 | D        | Identified the ring of Uluponli {Str+6 Int+5 Dex+6}
  4858 | D        | Noticed a merfolk impaler
  4859 | D        | Noticed a merfolk impaler
  4859 | D        | Killed a merfolk javelineer
  4859 | D        | Killed a merfolk impaler
  4859 | D        | Killed a merfolk impaler
  4859 | D        | Killed a merfolk impaler
  4859 | D        | Killed a merfolk impaler
  4859 | D        | Killed a merfolk impaler
  4860 | D        | Reached skill level 24 in Invocations
  4860 | D        | Gained mutation: Your large and strong wings let you fly.
                  | [Gargoyle growth]
  4860 | D        | Reached XP level 14. HP: 107/107 MP: 20/30
  4885 | D        | Found a transporter.
  4898 | D        | Got the Tractate on Inconstant Conduction
  4905 | D        | Got the Spellbook of Minerals and Imprecation
  4947 | D        | Entered arena 19.
  4949 | D        | Noticed a purple draconian
  4950 | D        | Noticed a tentacled starspawn
  4950 | D        | Noticed a tentacled starspawn
  4953 | D        | Killed a purple draconian
  4953 | D        | Killed a tentacled starspawn
  4953 | D        | Killed a tentacled starspawn
  4956 | D        | Found a transporter.
  5017 | D        | Got the ring "Duidua Jide" {rElec Int+3 Dex+6}
  5034 | D        | Entered arena 20.
  5038 | D        | Noticed a deep elf master archer
  5038 | D        | Noticed a deep elf master archer
  5038 | D        | Identified the ring "Bahidiom" {Ice *Slow Will+ Str+3}
  5039 | D        | Noticed a deep elf master archer
  5039 | D        | Noticed a deep elf annihilator
  5040 | D        | Killed a deep elf master archer
  5040 | D        | Killed a deep elf annihilator
  5040 | D        | Killed a deep elf master archer
  5040 | D        | Killed a deep elf master archer
  5041 | D        | Reached skill level 25 in Invocations
  5041 | D        | Reached skill level 10 in Evocations
  5041 | D        | Reached XP level 15. HP: 73/115 MP: 22/31
  5227 | D        | Found a transporter.
  5271 | D        | Entered arena 21.
  5274 | D        | Noticed a rockslime
  5274 | D        | Noticed a rockslime
  5274 | D        | Noticed an acid blob
  5274 | D        | Noticed an azure jelly
  5276 | D        | Noticed an acid blob
  5277 | D        | Killed an azure jelly
  5277 | D        | Killed an acid blob
  5277 | D        | Killed a rockslime
  5277 | D        | Killed an acid blob
  5277 | D        | Noticed an azure jelly
  5278 | D        | Reached skill level 26 in Invocations
  5284 | D        | Killed a rockslime
  5286 | D        | Killed an azure jelly
  5287 | D        | Reached skill level 27 in Invocations
  5288 | D        | Found a transporter.
  5577 | D        | Got the ring "Sutwes" {rF+ rN+ Will+ SInv}
  5591 | D        | Got the Teachings on the Squall
  5608 | D        | Got the Octavo of the Tempest
  5707 | D        | Entered arena 22.
  5710 | D        | Noticed a quicksilver dragon
  5710 | D        | Noticed an iron dragon
  5711 | D        | Noticed a shadow dragon
  5711 | D        | Noticed a quicksilver dragon
  5712 | D        | Killed a quicksilver dragon
  5712 | D        | Killed a quicksilver dragon
  5712 | D        | Noticed a golden dragon
  5713 | D        | Killed an iron dragon
  5713 | D        | Noticed an iron dragon
  5717 | D        | Killed a golden dragon
  5717 | D        | Killed a shadow dragon
  5718 | D        | Killed an iron dragon
  6120 | D        | Found the +3 Elemental Staff {rElec rF++ rC++ AC+5}
  6121 | D        | Found a transporter.
  6148 | D        | Got the ring of the Turtledove {Ice rCorr}
  6165 | D        | Entered arena 23.
  6170 | D        | Noticed the 27-headed Lernaean hydra
  6170 | D        | Noticed Nellie
  6170 | D        | Noticed Frederick
  6170 | D        | Found the +4 staff of Dispater
  6170 | D        | Noticed Dispater
  6170 | D        | Noticed Lom Lobon
  6170 | D        | Found the +4 dragonskin cloak
  6170 | D        | Noticed Tiamat
  6170 | D        | Noticed Saint Roka
  6171 | D        | Found the +6 sword of Cerebov {flame}
  6171 | D        | Noticed Cerebov
  6171 | D        | Noticed Chuck
  6171 | D        | Noticed Mnoleg
  6171 | D        | Noticed Pikel
  6171 | D        | Noticed Nikola
  6171 | D        | Noticed Antaeus
  6171 | D        | Noticed Louise
  6171 | D        | Noticed Rupert
  6171 | D        | Noticed Aizul
  6171 | D        | Noticed Eustachio
  6171 | D        | Noticed Ijyb
  6172 | D        | Killed Dowan
  6172 | D        | Killed Aizul
  6172 | D        | Noticed Agnes
  6172 | D        | Noticed Dissolution
  6172 | D        | Noticed Donald
  6172 | D        | Noticed Azrael
  6173 | D        | Killed Eustachio
  6173 | D        | Killed Chuck
  6173 | D        | Killed Pikel
  6173 | D        | Killed Azrael
  6173 | D        | Killed Agnes
  6173 | D        | Killed Duvessa
  6173 | D        | Killed Ijyb
  6173 | D        | Killed Terence
  6173 | D        | Killed Louise
  6173 | D        | Killed the 27-headed Lernaean hydra
  6173 | D        | Killed Rupert
  6173 | D        | Killed Saint Roka
  6173 | D        | Killed Donald
  6173 | D        | Killed from afar by Frederick

Illustrated notes

Levels and vault maps discovered:
D:        sprint_v [room_start, room_1, room_2, room_3, room_4, room_5, room_6,
          room_7, room_8, room_9, room_10, room_11, room_12, room_13, room_14,
          room_15, room_16, room_17, room_18, room_19, room_20, room_21,
          room_22, room_23, room_24, room_25, room_26, room_27]

Skill      XL: |  1  2  3  4  5  6  7  8  9 10 11 12 13 14 15 |
---------------+----------------------------------------------+-----
Invocations    | 2 4 7 9 11 12 14 16 18 21 24 25 27 | 27.0
Fighting       | 4 6 7 8 9 10 12 13 16 19 21 23 | 23.5
Maces & Flails | 3 5 6 7 8 9 11 12 14 | 14.0
Armour         | 4 6 7 8 9 10 12 13 15 17 19 21 | 21.8
Shields        | 4 6 7 8 9 10 12 13 15 17 19 21 | 21.8
Evocations     | 7 10 13 | 13.7

Action                   |  1- 3 |  4- 6 |  7- 9 | 10-12 | 13-15 || total
-------------------------+-------+-------+-------+-------+-------++-------
Melee: Shillelagh        |     6 |     7 |    11 |    13 |    57 ||    94
Invok: Upheaval          |       |       |    14 |    30 |    15 ||    59
       Disaster Area     |       |       |       |     3 |     8 ||    11
Evoke: Wand              |       |       |       |       |     1 ||     1
  Use: Potion            |       |     1 |       |       |     9 ||    10
Armor: Plate armour      |     5 |    17 |    22 |     3 |    33 ||    80
Dodge: Dodged            |       |     2 |     1 |     1 |       ||     4
Block: Kite shield       |    11 |    21 |    18 |    15 |   148 ||   213
       Reflection        |       |       |     3 |     2 |     7 ||    12
